 Dungeon Crawl Stone Soup version 0.19.1 (webtiles) character file.

2931 sveltemanboy the Cleaver (level 10, -1/77 HPs)
             Began as a Formicid Fighter on Nov 28, 2016.
             Was an Initiate of Okawaru.
             Killed from afar by an electric eel (9 damage)
             ... with a bolt of electricity
             ... on level 7 of the Dungeon.
             The game lasted 00:17:14 (7405 turns).

sveltemanboy the Cleaver (Formicid Fighter)         Turns: 7405, Time: 00:17:15

Health: -1/77      AC:  9    Str: 25    XL:     10   Next: 7%
Magic:  11/11      EV: 10    Int:  7    God:    Okawaru [......]
Gold:   158        SH: 12    Dex: 10    Spells: 0 memorised, 9 levels left

rFire  . . .     SeeInvis +     a - +1 war axe
rCold  . . .     Gourm    .     s - +2 ring mail {rN+}
rNeg   + . .     Faith    .     c - +1 shield
rPois  +         Spirit   .     (helmet unavailable)
rElec  .         Reflect  .     p - +1 cloak
rCorr  .         Harm     .     (no gloves)
MR     ++...                    (no boots)
Stlth  ..........               y - amulet of regeneration
                                (no ring)
                                w - ring of flight

@: no status effects
A: permanent stasis, dig shafts and tunnels, four strong arms, antennae 3, magic
resistance 1, poison resistance, robust 1
a: Dig, Shaft Self, Renounce Religion, Evoke Flight


You were on level 7 of the Dungeon.
You worshipped Okawaru.
Okawaru was noncommittal.
You were not hungry.

You visited 2 branches of the dungeon, and saw 9 of its levels.

You collected 298 gold pieces.
You spent 140 gold pieces at shops.

Inventory:

Hand Weapons
 a - a +1 war axe (weapon)
Armour
 c - a +1 shield (worn)
 p - a +1 cloak (worn)
 s - a +2 ring mail of positive energy (worn)
Jewellery
 w - a ring of flight (left hand)
 y - an amulet of regeneration (around neck)
Wands
 e - a wand of lightning (5/15)
 r - a wand of flame (14/48)
 x - a wand of flame (14/48)
Scrolls
 b - 2 scrolls of enchant armour
 i - 4 scrolls of amnesia
 l - a scroll of fear
 m - 3 scrolls of fog
 t - a scroll of identify {unknown}
Potions
 g - a potion of resistance {unknown}
 h - a potion of lignification {unknown}
 j - 3 potions of flight {unknown}
 n - a potion of ambrosia {unknown}
 u - 2 potions of degeneration {unknown}
 v - a potion of cure mutation {unknown}
 A - a potion of curing
 C - a potion of might
 D - a potion of heal wounds {unknown}
Books
 z - the Volume of the Fiery Compass
   (You found it on level 6 of the Dungeon)

   Spells                             Type                      Level
   a - Apportation                    Translocation                1
   b - Recall                         Summoning/Translocation      3
   c - Sticky Flame                   Conjuration/Fire             4
   d - Bolt of Fire                   Conjuration/Fire             6
   e - Dispersal                      Translocation                6
Comestibles
 d - 5 fruits
 f - 3 bread rations
 k - 2 slices of pizza
 o - 5 meat rations
 q - a beef jerky
 B - a chunk of flesh


   Skills:
 - Level 3.2 Fighting
 * Level 11.6 Axes
 - Level 3.2 Armour
 - Level 1.0 Dodging
 + Level 7.9 Shields
 + Level 2.2 Invocations


You had 9 spell levels left.
You didn't know any spells.

Dungeon Overview and Level Annotations

Branches:
Dungeon (8/15)             Temple (1/1) D:6
   Lair: D:8-11

Altars:
Dithmenos
Fedhas
Hepliaklqana
Okawaru
Qazlal
Trog
The Shining One

Shops:
D:6 *


Innate Abilities, Weirdness & Mutations

You are under a permanent stasis effect.
You can dig through walls and to a lower floor.
Your four strong arms can wield two-handed weapons with a shield.
You have a pair of large antennae on your head. (SInv)
You are resistant to hostile enchantments. (MR+)
Your system is resistant to poisons. (rPois)
You are robust. (+10% HP)


Message History

* * * LOW HITPOINT WARNING * * *
You are too injured to fight recklessly!
You are too injured to fight recklessly!
You are too injured to fight recklessly!
You miss the electric eel. You hit the plant but do no damage. x2
You closely miss the electric eel. You hit the plant but do no damage. x2
You miss the electric eel. You hit the plant. You slash the plant!
You closely miss the electric eel. You hit the plant. x2
You barely miss the electric eel. You slash the plant! You hit the plant.
The electric eel shoots out a bolt of lightning at you!
The bolt of electricity hits you!
* * * LOW HITPOINT WARNING * * *
The bolt of electricity hits you!
* * * LOW HITPOINT WARNING * * *
You hit the electric eel.
The electric eel is moderately wounded.
You hit the plant but do no damage. You slash the plant!
The electric eel shoots out a bolt of lightning at you!
The bolt of electricity hits you!
You die...

#.##.# #≈≈PPP≈P≈...#
#.##.# #P≈≈≈♣≈P.PP..
#....# #..PP≈≈≈♣PP.P..
####.#####..≈.PP≈≈♣≈≈PPP
# #...........≈PPP♣≈≈≈ #
#.########..##.P♣≈♣
####.# ###.#≈≈PP♣ .....#
#..†#.PP♣♣ ######
##.#.≈@;≈≈♣
#.≈≈PP≈♣≈♣≈PP. #PP≈≈≈≈≈♣
≈≈ ≈ #P≈≈♣P≈PPP ≈#


#PPPP..≈PP# # ##.######.# #$ ?# ## .# # You could see an electric eel.

Vanquished Creatures
  Pikel (D:4)
  Grinder (D:4)
  A hippogriff (D:8)
  An orc warrior (D:8)
  2 ice beasts
  3 ogres
  3 centaurs
  A bullfrog (D:3)
  3 scorpions
  An electric eel (D:8)
  A vampire bat (D:4)
  A howler monkey (D:7)
  A crimson imp (D:8)
  5 hounds
  5 orc wizards
  An orc priest (D:3)
  Crazy Yiuf (D:2)
  A centaur skeleton (D:4)
  3 jellies
  Ijyb (D:2)
  Natasha (D:2)
  An iguana (D:5)
  3 worker ants
  A hound zombie (D:6)
  The ghost of dscm the Digger, a weakling OpEE (D:3)
  A hound skeleton (D:7)
  A worker ant zombie (D:8)
  7 gnolls
  11 adders
  A shadow imp (D:5)
  A white imp (D:8)
  2 oozes
  2 worms
  2 dart slugs (D:1)
  3 fire bats (D:4)
  2 leopard geckos
  23 orcs
  2 spectral bats (D:4)
  A ball python (D:3)
  13 bats
  3 bat skeletons (D:4)
  A bat zombie (D:4)
  A giant cockroach (D:2)
  10 goblins
  12 hobgoblins
  13 jackals
  13 kobolds
  4 quokkas
  A bat simulacrum (D:4)
  9 frilled lizards
  A jackal skeleton (D:6)
  7 rats
191 creatures vanquished.

Vanquished Creatures (others)
  An iguana (D:4)
  2 adders (D:4)
  2 orcs (D:4)
  2 plants
7 creatures vanquished.

Grand Total: 198 creatures vanquished

Notes
Turn   | Place    | Note
-------+----------+-------------------------------------------
     0 | D:1      | sveltemanboy the Formicid Fighter began the quest for the Orb.
     0 | D:1      | Reached XP level 1. HP: 18/18 MP: 1/1
    88 | D:1      | Reached XP level 2. HP: 16/24 MP: 2/2
   334 | D:1      | Reached skill level 1 in Dodging
   469 | D:1      | Reached XP level 3. HP: 27/29 MP: 3/3
   914 | D:2      | Reached skill level 3 in Axes
   963 | D:2      | Reached XP level 4. HP: 14/35 MP: 4/4
  1250 | D:2      | Reached XP level 5. HP: 41/41 MP: 5/5
  1272 | D:2      | Noticed Natasha
  1280 | D:2      | Killed Natasha
  1280 | D:2      | Reached skill level 4 in Axes
  1317 | D:2      | Found a runed door.
  1338 | D:2      | Noticed Ijyb
  1352 | D:2      | Killed Ijyb
  1582 | D:2      | Noticed Crazy Yiuf
  1587 | D:2      | Killed Crazy Yiuf
  1587 | D:2      | Reached skill level 5 in Shields
  1587 | D:2      | Reached XP level 6. HP: 41/47 MP: 6/6
  1974 | D:2      | Found a faded altar of an unknown god.
  1974 | D:2      | Found a hazy altar of Hepliaklqana.
  1979 | D:2      | Found a faded altar of an unknown god.
  1981 | D:2      | Found a faded altar of an unknown god.
  1983 | D:2      | Found a faded altar of an unknown god.
  2093 | D:3      | Reached skill level 5 in Axes
  2557 | D:3      | Noticed dscm's ghost (weakling OpEE)
  2562 | D:3      | Killed dscm's ghost
  2595 | D:3      | Reached XP level 7. HP: 31/52 MP: 7/7
  2806 | D:3      | Gained mutation: You are resistant to hostile enchantments. (MR+) [potion of mutation]
  2806 | D:3      | Gained mutation: Your system is resistant to poisons. (rPois) [potion of mutation]
  2806 | D:3      | Gained mutation: You are robust. (+10% HP) [potion of mutation]
  2807 | D:3      | Reached skill level 6 in Axes
  3284 | D:3      | Found a stormy altar of Qazlal.
  3286 | D:3      | Found a blossoming altar of Fedhas.
  3676 | D:4      | Found a shadowy altar of Dithmenos.
  3724 | D:4      | Noticed Pikel
  3732 | D:4      | Noticed Grinder
  3749 | D:4      | Killed Pikel
  3749 | D:4      | Reached skill level 8 in Axes
  3749 | D:4      | Reached XP level 8. HP: 52/63 MP: 8/8
  3768 | D:4      | Killed Grinder
  3949 | D:4      | Reached skill level 9 in Axes
  4459 | D:5      | Entered Level 5 of the Dungeon
  4533 | D:5      | Reached XP level 9. HP: 64/70 MP: 9/9
  4687 | D:5      | Reached skill level 10 in Axes
  5175 | D:6      | You fall through a shaft for 2 floors!
  5218 | D:8      | Noticed a hippogriff
  5229 | D:8      | Killed a hippogriff
  5704 | D:8      | Reached skill level 11 in Axes
  6046 | D:6      | Found a staircase to the Ecumenical Temple.
  6055 | Temple   | Entered the Ecumenical Temple
  6099 | Temple   | Became a worshipper of Warmaster Okawaru
  6691 | D:6      | Reached skill level 1 in Invocations
  6697 | D:6      | Found Dugan's Assorted Antiques.
  6724 | D:6      | Bought a small steel amulet for 140 gold pieces
  6752 | D:6      | Identified the Volume of the Fiery Compass
  7101 | D:7      | Found a glowing golden altar of the Shining One.
  7133 | D:7      | Reached XP level 10. HP: 75/77 MP: 11/11
  7405 | D:7      | Killed from afar by an electric eel

Skill      XL: |  1  2  3  4  5  6  7  8  9 10 |
---------------+-------------------------------+-----
Shields        | 4 5 6 7 |  7.9
Dodging        | 1 |  1.0
Axes           | 3 4 5 8 9 11 | 11.6
Invocations    | 1 2 |  2.2
Fighting       | |  3.2
Armour         | |  3.2

Action                   |  1- 3 |  4- 6 |  7- 9 | 10-12 || total
-------------------------+-------+-------+-------+-------++-------
Melee: War axe           |   107 |   159 |   427 |    26 ||   719
Evoke: Wand              |       |     2 |    12 |       ||    14
  Use: Potion            |     2 |       |     3 |       ||     5
       Scroll            |       |       |    10 |       ||    10
  Eat: Chunk             |       |     6 |    15 |     1 ||    22
Armor: Chain mail        |    62 |    28 |       |       ||    90
       Ring mail         |       |    48 |   114 |     4 ||   166
Dodge: Dodged            |    20 |    47 |   165 |     6 ||   238
Block: Shield            |    58 |    97 |   265 |     5 ||   425
